AoeStats
← RedStallion1713

Hill Fort

504932323Analyzed
2v2 RM · 23d ago on Sep 7, 2026· 46m 43s· 4 players
Game mode
Random Map
Map size
Medium (4 player)
Population
200
Speed
Normal
Resources
Standard
Victory
Conquest
Starting age
Dark Age
Ending age
Imperial Age
RankedLock teamsTeams togetherTeam positionsShared explorationLock speedFull tech treeHidden civsTurbo modeCheats
Victory
Defeat
🇺🇸 Byzantines · United States
929
+8
🇺🇸 Goths · United States
813
+11
🇺🇸 Koreans · United States
767
-11
🇦🇺 Goths · Australia
684
-8
radii
3:17 Loom
11:32 Feudal Age
12:52 Wheelbarrow
12:06 Double-Bit Axe
14:08 Horse Collar
24:00 Castle Age
23:11 Fletching
25:16 Hand Cart
25:15 Bow Saw
25:07 Heavy Plow
25:54 Caravan
33:47 Imperial Age
31:06 Town Watch
31:33 Gold Mining
33:08 Treadmill Crane
35:36 Chemistry
34:57 Ballistics
34:35 Murder Holes
34:39 Bodkin Arrow
35:37 Thumb Ring
34:52 Elite Skirmisher
36:18 Conscription
36:38 Eupseong
37:48 Masonry
39:55 Gambesons
39:57 Arson
39:33 Man-at-Arms
39:41 Elite War Wagon
41:41 Forging
41:32 Scale Mail Armor
41:33 Bracer
43:03 Architecture
TwisteR_NooB
0:38 Loom
10:41 Feudal Age
12:01 Wheelbarrow
16:21 Double-Bit Axe
18:30 Gold Mining
18:31 Stone Mining
23:28 Castle Age
24:56 Hand Cart
24:27 Town Watch
26:45 Bow Saw
27:18 Pikeman
32:18 Ballistics
37:47 Scale Mail Armor
37:57 Forging
40:49 Squires
41:47 Iron Casting
41:27 Chain Mail Armor
48:47 Imperial Age
RedStallion1713
1:38 Loom
10:52 Feudal Age
11:49 Double-Bit Axe
11:55 Horse Collar
20:29 Castle Age
19:29 Stone Mining
19:30 Gold Mining
19:59 Forging
19:49 Scale Mail Armor
21:32 Bow Saw
22:57 Wheelbarrow
22:58 Heavy Plow
23:36 Iron Casting
26:25 Hand Cart
27:27 Squires
35:57 Imperial Age
33:14 Town Watch
33:57 Chain Mail Armor
34:47 Anarchy
36:13 Elite Huskarl
36:21 Elite Huskarl
38:16 Blast Furnace
ChocoThunder
12:46 Feudal Age
13:36 Double-Bit Axe
21:55 Castle Age
20:26 Horse Collar
24:15 Bow Saw
26:02 Loom
26:53 Wheelbarrow
26:24 Husbandry
26:33 Scale Barding Armor
41:40 Fletching
42:50 Chain Barding Armor
42:27 Bodkin Arrow
Connection lost

Rejoining the realm…

Still unreachable

The connection could not be restored.

Session expired

The server has moved on; the page needs a fresh start.